[Event "1st 4NCL International U2050"]
[Site "Telford"]
[Date "2018.11.01"]
[Round "2"]
[White "Di-Vetta, Andrew"]
[Black "Hughes, Peter"]
[Result "1/2-1/2"]
[ECO "A00"]
[WhiteElo "1681"]
[BlackElo "1874"]
[Annotator "NA"]
[PlyCount "68"]
[EventDate "2018.10.31"]
[EventType "swiss"]
[EventCountry "GBR"]
[SourceTitle "playchess.com"]
[Source "ChessBase"]
[SourceQuality "1"]
[TimeControl "5400+30"]

1. c4 f5 2. d4 Nf6 3. Nf3 g6 4. Nc3 Bg7 5. g3 O-O 6. Bg2 d6 7. O-O Qe8 8. Qb3 h6 9. Nd2 Nc6 10. e3 e5 11. Nb5 Qe7 12. c5+ d5 13. Nc3 e4 14. a3 Kh8 15. Qd1 Be6 16. b4 a6 17. Nb3 g5 18. Bd2 Qf7 19. Na5 Nxa5 20. bxa5 Bd7 21. Rb1 Bc6 22. f3 Qg6 23. fxe4 fxe4 24. Qe2 h5 25. Bh3 g4 26. Bg2 Nh7 27. Rxf8+ Rxf8 28. Rf1 Ng5 29. Rxf8+ Bxf8 30. Qf2 Nf3+ 31. Kh1 Bh6 32. Bc1 Qg5 33. Ne2 Qe7 34. Nf4 Bxf4 1/2-1/2

[Event "1st 4NCL International U2050"]
[Site "Telford"]
[Date "2018.11.01"]
[Round "2"]
[White "Aubury, Ben"]
[Black "Bryant, Richard Be"]
[Result "1/2-1/2"]
[ECO "A00"]
[WhiteElo "1510"]
[BlackElo "1856"]
[Annotator "NA"]
[PlyCount "100"]
[EventDate "2018.10.31"]
[EventType "swiss"]
[EventCountry "GBR"]
[SourceTitle "playchess.com"]
[Source "ChessBase"]
[SourceQuality "1"]
[TimeControl "5400+30"]

1. d4 e6 2. c4 d5 3. Nf3 c6 4. Nc3 dxc4 5. a4 Bb4 6. e3 b5 7. Bd2 a5 8. axb5 Bxc3 9. Bxc3 cxb5 10. b3 Bb7 11. bxc4 b4 12. Bb2 Nf6 13. Bd3 Nbd7 14. O-O O-O 15. Nd2 Qe7 16. f4 Rfd8 17. Bc2 Nf8 18. e4 Ra7 19. e5 N6d7 20. Ne4 Bxe4 21. Bxe4 Nb6 22. d5 Nxc4 23. d6 Nxd6 24. exd6 Rxd6 25. Qe1 Rd8 26. Bc2 Qc5+ 27. Qf2 Qxf2+ 28. Rxf2 Ng6 29. g3 Ne7 30. Ba4 h6 31. Rc1 Nf5 32. Be5 Ne3 33. Re2 Nd5 34. Rd2 Raa8 35. Rcc2 Rdc8 36. Kf2 Nf6 37. Kf3 Nd5 38. f5 Nb6 39. Bc6 b3 40. Rc3 Nd5 41. Bxd5 Rxc3+ 42. Bxc3 exd5 43. Rxd5 a4 44. Rb5 Rc8 45. Be5 f6 46. Bd4 Rc1 47. Rb4 Rf1+ 48. Kg2 Rd1 49. Bc3 Rc1 50. Bd4 Rd1 1/2-1/2

[Event "1st 4NCL International U2050"]
[Site "Telford"]
[Date "2018.11.01"]
[Round "3"]
[White "De Coverly, Roger D"]
[Black "Wynarczyk, Raymond"]
[Result "1/2-1/2"]
[ECO "A00"]
[WhiteElo "1946"]
[BlackElo "1908"]
[Annotator "NA RC"]
[PlyCount "72"]
[EventDate "2018.10.31"]
[EventType "swiss"]
[EventCountry "GBR"]
[SourceTitle "playchess.com"]
[Source "ChessBase"]
[SourceQuality "1"]
[TimeControl "5400+30"]

1. Nf3 d5 2. g3 Nf6 3. Bg2 e6 4. d3 a6 5. Nbd2 Nbd7 6. O-O Be7 7. e4 dxe4 8. dxe4 O-O 9. Qe2 c5 10. b3 Rb8 11. Nc4 b5 12. Nce5 Nxe5 13. Nxe5 Bb7 14. Rd1 Qb6 15. Bb2 Rbd8 16. Ng4 Rxd1+ 17. Rxd1 Rd8 18. Nxf6+ Bxf6 19. Bxf6 Rxd1+ 20. Qxd1 gxf6 21. h4 Qc7 22. h5 h6 23. Qg4+ Kf8 24. Qe2 Qe5 25. c4 b4 26. f4 Qd4+ 27. Kh2 e5 28. fxe5 fxe5 29. Qf3 Qd6 30. Qf5 Kg7 31. g4 Qf6 32. Kg3 Qxf5 33. gxf5 f6 34. Bf3 a5 35. Kf2 Bc6 36. Ke3 Kf7 1/2-1/2

[Event "1st 4NCL International U2050"]
[Site "Telford"]
[Date "2018.11.01"]
[Round "3"]
[White "Benson, Paul J"]
[Black "Di-Vetta, Andrew"]
[Result "0-1"]
[ECO "A00"]
[WhiteElo "1912"]
[BlackElo "1681"]
[Annotator "NA"]
[PlyCount "50"]
[EventDate "2018.10.31"]
[EventType "swiss"]
[EventCountry "GBR"]
[SourceTitle "playchess.com"]
[Source "ChessBase"]
[SourceQuality "1"]
[TimeControl "5400+30"]

1. e4 c5 2. Nf3 d6 3. d4 cxd4 4. Nxd4 Nf6 5. Nc3 a6 6. Be3 e5 7. Nb3 Be6 8. f3 Nbd7 9. Qd2 Qc7 10. O-O-O Rc8 11. Kb1 b5 12. g4 Be7 13. h4 Nb6 14. g5 Nh5 15. Bxb6 Qxb6 16. Bh3 Nf4 17. Nd5 Nxd5 18. exd5 Bxh3 19. Rxh3 b4 20. f4 f6 21. f5 Kd7 22. g6 h6 23. c4 Rxc4 24. Qd3 Rhc8 25. Nd2 Rd4 0-1

[Event "1st 4NCL International U2050"]
[Site "Telford"]
[Date "2018.11.01"]
[Round "3"]
[White "Truman, Richard G"]
[Black "Neatherway, A Philip"]
[Result "1-0"]
[ECO "A00"]
[WhiteElo "1902"]
[BlackElo "1813"]
[Annotator "NA"]
[PlyCount "71"]
[EventDate "2018.10.31"]
[EventType "swiss"]
[EventCountry "GBR"]
[SourceTitle "playchess.com"]
[Source "ChessBase"]
[SourceQuality "1"]
[TimeControl "5400+30"]

1. d4 Nf6 2. c4 g6 3. Nc3 d5 4. cxd5 Nxd5 5. e4 Nxc3 6. bxc3 c5 7. Nf3 Bg7 8. Rb1 O-O 9. Be2 b6 10. O-O Bb7 11. Qd3 Nd7 12. Bg5 Rc8 13. Qe3 Qc7 14. Bd3 Rfe8 15. Rfd1 e6 16. Rbc1 a6 17. Bh6 b5 18. h4 f5 19. Bxg7 Kxg7 20. c4 b4 21. Bb1 Nf6 22. e5 Ng4 23. Qf4 cxd4 24. Rxd4 Rcd8 25. Rd6 Rxd6 26. exd6 Qc6 27. c5 a5 28. Qd2 e5 29. Bd3 h6 30. Bf1 Rd8 31. Qe2 Rxd6 32. Nxe5 Nxe5 33. cxd6 Qxd6 34. Qb5 Be4 35. Qxa5 Nd3 36. Qc7+ 1-0

[Event "1st 4NCL International U2050"]
[Site "Telford"]
[Date "2018.11.01"]
[Round "3"]
[White "Hughes, Peter"]
[Black "Chen, Daniel Xingyu"]
[Result "1/2-1/2"]
[ECO "A00"]
[WhiteElo "1874"]
[BlackElo "1258"]
[Annotator "NA"]
[PlyCount "30"]
[EventDate "2018.10.31"]
[EventType "swiss"]
[EventCountry "GBR"]
[SourceTitle "playchess.com"]
[Source "ChessBase"]
[SourceQuality "1"]
[TimeControl "5400+30"]

1. d4 Nf6 2. c4 e5 3. dxe5 Ng4 4. Bf4 g5 5. Bg3 Nc6 6. Nf3 Bg7 7. Nc3 Ngxe5 8. Nxe5 Nxe5 9. e3 d6 10. Rc1 Be6 11. b3 Qd7 12. Be2 O-O-O 13. Nb5 a6 14. Nd4 f5 15. O-O Rdf8 1/2-1/2

[Event "1st 4NCL International U2050"]
[Site "Telford"]
[Date "2018.11.01"]
[Round "3"]
[White "Bryant, Richard Be"]
[Black "Gostelow, David W"]
[Result "0-1"]
[ECO "A00"]
[WhiteElo "1856"]
[BlackElo "1892"]
[Annotator "NA"]
[PlyCount "66"]
[EventDate "2018.10.31"]
[EventType "swiss"]
[EventCountry "GBR"]
[SourceTitle "playchess.com"]
[Source "ChessBase"]
[SourceQuality "1"]
[TimeControl "5400+30"]

1. e4 c5 2. Nc3 e6 3. g3 d5 4. Bg2 d4 5. Nce2 Nc6 6. d3 Be7 7. f4 Nh6 8. Nf3 f6 9. h3 Nf7 10. Bd2 a6 11. O-O O-O 12. g4 e5 13. f5 b5 14. Kh2 Ra7 15. h4 Rc7 16. Rc1 c4 17. Qe1 Bb7 18. Qg3 Bb4 19. dxc4 bxc4 20. c3 dxc3 21. Nxc3 Nd4 22. Rcd1 Rd7 23. Rfe1 Nxf3+ 24. Qxf3 Rxd2 25. Rxd2 Qxd2 26. Re2 Qf4+ 27. Qxf4 exf4 28. Kh3 Bxc3 29. bxc3 Ne5 30. Rb2 Bc6 31. Rb6 Rd8 32. Bf1 Bxe4 33. Re6 Bd3 0-1

[Event "1st 4NCL International U2050"]
[Site "Telford"]
[Date "2018.11.01"]
[Round "3"]
[White "Wilson, Matthew R"]
[Black "Ward, Andy"]
[Result "1/2-1/2"]
[ECO "A00"]
[WhiteElo "1820"]
[BlackElo "1790"]
[Annotator "NA"]
[PlyCount "58"]
[EventDate "2018.10.31"]
[EventType "swiss"]
[EventCountry "GBR"]
[SourceTitle "playchess.com"]
[Source "ChessBase"]
[SourceQuality "1"]
[TimeControl "5400+30"]

1. Nf3 d6 2. e4 e5 3. d4 Nd7 4. Bc4 exd4 5. Nxd4 Ne5 6. Bb3 Nf6 7. Nc3 Be7 8. h3 O-O 9. Be3 c5 10. Nf3 c4 11. Nxe5 cxb3 12. Nf3 bxc2 13. Qxc2 Qc7 14. Rc1 Qa5 15. O-O Qh5 16. Nh2 Be6 17. Qd1 Qg6 18. Qf3 Nd7 19. Nd5 Bxd5 20. exd5 Ne5 21. Qe2 Bd8 22. Qb5 Bb6 23. Bxb6 axb6 24. f4 Qd3 25. Qxb6 Nc4 26. Qf2 Rxa2 27. Rfe1 Qb3 28. Qd4 b5 29. Rb1 Qc2 1/2-1/2

[Event "1st 4NCL International U2050"]
[Site "Telford"]
[Date "2018.11.01"]
[Round "3"]
[White "Gogia, Armaan"]
[Black "Walley, A Clive"]
[Result "1-0"]
[ECO "A00"]
[WhiteElo "1808"]
[BlackElo "1846"]
[Annotator "NA"]
[PlyCount "51"]
[EventDate "2018.10.31"]
[EventType "swiss"]
[EventCountry "GBR"]
[SourceTitle "playchess.com"]
[Source "ChessBase"]
[SourceQuality "1"]
[TimeControl "5400+30"]

1. e4 c5 2. Nf3 Nc6 3. d4 cxd4 4. Nxd4 Nf6 5. Nc3 e5 6. Ndb5 d6 7. Bg5 a6 8. Na3 b5 9. Bxf6 gxf6 10. Nd5 f5 11. Bxb5 axb5 12. Nxb5 Ra4 13. Nbc7+ Kd7 14. O-O Qg5 15. Nb6+ Kxc7 16. Nxa4 Rg8 17. g3 fxe4 18. c3 Bg4 19. Qb3 Ne7 20. Qb6+ Kd7 21. Nc5+ dxc5 22. Rad1+ Bxd1 23. Rxd1+ Nd5 24. Rxd5+ Bd6 25. Qxd6+ Ke8 26. Rxe5+ 1-0

[Event "1st 4NCL International U2050"]
[Site "Telford"]
[Date "2018.11.01"]
[Round "3"]
[White "Wiltshir, Rich"]
[Black "Whitehead, Mark A"]
[Result "1/2-1/2"]
[ECO "A00"]
[WhiteElo "1673"]
[BlackElo "1945"]
[Annotator "NA"]
[PlyCount "52"]
[EventDate "2018.10.31"]
[EventType "swiss"]
[EventCountry "GBR"]
[SourceTitle "playchess.com"]
[Source "ChessBase"]
[SourceQuality "1"]
[TimeControl "5400+30"]

1. c4 e5 2. g3 c6 3. Bg2 d6 4. Nc3 Be6 5. b3 Nd7 6. Nf3 h6 7. O-O Ngf6 8. Qc2 Be7 9. d4 O-O 10. Rd1 Qc7 11. Ba3 Rfe8 12. Rac1 Rac8 13. e4 Bg4 14. d5 c5 15. Rd3 Nf8 16. h3 Bd7 17. Rcd1 Ng6 18. Nh2 a6 19. Nf1 b5 20. Bc1 b4 21. Ne2 Bf8 22. Rf3 Nh7 23. Ne3 Ng5 24. Rf5 Ne7 25. h4 Nxf5 26. exf5 Nh7 1/2-1/2

[Event "1st 4NCL International U2050"]
[Site "Telford"]
[Date "2018.11.01"]
[Round "3"]
[White "Stubbs, Oliver"]
[Black "Ali, Golam S"]
[Result "1-0"]
[ECO "A00"]
[WhiteElo "1672"]
[BlackElo "1859"]
[Annotator "NA"]
[PlyCount "95"]
[EventDate "2018.10.31"]
[EventType "swiss"]
[EventCountry "GBR"]
[SourceTitle "playchess.com"]
[Source "ChessBase"]
[SourceQuality "1"]
[TimeControl "5400+30"]

1. d4 Nf6 2. Bf4 d5 3. e3 e6 4. Nf3 Bd6 5. Bg3 O-O 6. Nbd2 Re8 7. Bd3 c6 8. Ne5 Qe7 9. f4 Nbd7 10. Qf3 c5 11. c3 cxd4 12. exd4 Nf8 13. O-O Bd7 14. Rae1 Bc6 15. Bh4 Ng6 16. Nxg6 hxg6 17. f5 gxf5 18. Bxf5 Qc7 19. Bb1 Ne4 20. Nxe4 dxe4 21. Bxe4 Bxe4 22. Rxe4 f5 23. Re2 Bxh2+ 24. Kh1 Bd6 25. Rfe1 Qf7 26. Bg3 Bxg3 27. Qxg3 Qh5+ 28. Kg1 Kf7 29. Qd6 Qh4 30. Qe5 Qf6 31. Qxf6+ Kxf6 32. Re5 Rad8 33. d5 Rd6 34. c4 Re7 35. Kf2 g5 36. Kf3 b5 37. b3 a5 38. a4 bxc4 39. bxc4 Rb6 40. c5 g4+ 41. Kf2 Rb2+ 42. Kg1 g3 43. Rxe6+ Rxe6 44. Rxe6+ Kg5 45. Re1 Rc2 46. c6 Rc5 47. Rd1 Kf6 48. d6 1-0

[Event "1st 4NCL International U2050"]
[Site "Telford"]
[Date "2018.11.01"]
[Round "3"]
[White "Burgoyne, Peter A"]
[Black "Aubury, Benjamin"]
[Result "0-1"]
[ECO "A00"]
[WhiteElo "1665"]
[BlackElo "1566"]
[Annotator "NA"]
[PlyCount "52"]
[EventDate "2018.10.31"]
[EventType "swiss"]
[EventCountry "GBR"]
[SourceTitle "playchess.com"]
[Source "ChessBase"]
[SourceQuality "1"]
[TimeControl "5400+30"]

1. e4 c6 2. d4 d5 3. exd5 cxd5 4. c4 Nf6 5. Nc3 e6 6. Nf3 Bb4 7. Qa4+ Nc6 8. Ne5 Qa5 9. Qxa5 Bxa5 10. Nxc6 bxc6 11. Bd2 O-O 12. Bd3 Ba6 13. b3 Rfd8 14. Ne2 Bxd2+ 15. Kxd2 c5 16. Rac1 cxd4 17. c5 Ne4+ 18. Bxe4 dxe4 19. Rhe1 g5 20. b4 f5 21. a4 f4 22. b5 Bc8 23. Ng1 e3+ 24. fxe3 fxe3+ 25. Ke2 d3+ 26. Kxe3 d2 0-1

[Event "1st 4NCL International U2050"]
[Site "Telford"]
[Date "2018.11.01"]
[Round "3"]
[White "Parry, Jacques"]
[Black "Zdanowski, Adrian"]
[Result "1/2-1/2"]
[ECO "A00"]
[WhiteElo "1625"]
[BlackElo "1845"]
[Annotator "NA"]
[PlyCount "127"]
[EventDate "2018.10.31"]
[EventType "swiss"]
[EventCountry "GBR"]
[SourceTitle "playchess.com"]
[Source "ChessBase"]
[SourceQuality "1"]
[TimeControl "5400+30"]

1. d4 Nf6 2. c4 g6 3. Nc3 d5 4. Nf3 Bg7 5. Bg5 Ne4 6. cxd5 Nxc3 7. bxc3 Qxd5 8. e3 Qa5 9. Qb3 e6 10. Qb5+ Qxb5 11. Bxb5+ c6 12. Bd3 O-O 13. Rb1 Nd7 14. Bf4 Re8 15. Bg3 h6 16. O-O b6 17. Be4 Bb7 18. Nd2 e5 19. Bf3 f5 20. Rfc1 g5 21. Bh5 f4 22. Bxe8 Rxe8 23. exf4 exf4 24. Bxf4 gxf4 25. Re1 Rd8 26. Re4 c5 27. Rxf4 cxd4 28. cxd4 Bd5 29. Nb3 Nb8 30. Rg4 Nc6 31. Rd1 Nb4 32. Rd2 Rd7 33. a3 Nc6 34. Nc1 Kh7 35. Ne2 Be6 36. Re4 Bd5 37. Rg4 Bc4 38. Re4 Bxe2 39. Rexe2 Nxd4 40. Kf1 Rc7 41. Re3 Rc1+ 42. Re1 Rc4 43. Re3 a5 44. f4 Nf5 45. Rf3 h5 46. g3 b5 47. Rd5 Nd4 48. Rxh5+ Kg8 49. Rd3 b4 50. Rxa5 b3 51. Ra8+ Kh7 52. Rb8 Ra4 53. Rbxb3 Nxb3 54. Rxb3 Bf8 55. Rb7+ Kg6 56. Rb5 Bxa3 57. h4 Bc1 58. h5+ Kh6 59. Rf5 Bb2 60. Kg2 Ra3 61. Kh3 Ra1 62. Kg2 Ra3 63. Kh3 Ra1 64. Kg2 1/2-1/2

[Event "1st 4NCL International U2050"]
[Site "Telford"]
[Date "2018.11.01"]
[Round "3"]
[White "Chung, Ethan Cj"]
[Black "Gorgun, Aliriza Atif"]
[Result "0-1"]
[ECO "A00"]
[WhiteElo "1577"]
[BlackElo "1739"]
[Annotator "NA"]
[PlyCount "70"]
[EventDate "2018.10.31"]
[EventType "swiss"]
[EventCountry "GBR"]
[SourceTitle "playchess.com"]
[Source "ChessBase"]
[SourceQuality "1"]
[TimeControl "5400+30"]

1. e4 c5 2. d4 cxd4 3. c3 dxc3 4. Nxc3 Nc6 5. Nf3 g6 6. Bf4 Bg7 7. Bc4 Nf6 8. O-O O-O 9. Qe2 d6 10. Rfd1 Qa5 11. Bg5 Bg4 12. Bxf6 Bxf6 13. Rd5 Qc7 14. Rad1 Ne5 15. Bb3 Nxf3+ 16. gxf3 Bh5 17. R5d3 Be5 18. Qf1 Kh8 19. Rc1 Rac8 20. Rc2 Qd7 21. Ba4 Qd8 22. Bb3 e6 23. Qg2 Qh4 24. Rcd2 Bf4 25. Rd1 b5 26. Nxb5 Rc5 27. Qh1 Rxb5 28. h3 f5 29. a4 fxe4 30. axb5 exd3 31. Rxd3 Qg5+ 32. Qg2 Qxb5 33. Rc3 Bd2 34. Rc2 Bxf3 35. Bc4 Qf5 0-1

[Event "1st 4NCL International U2050"]
[Site "Telford"]
[Date "2018.11.02"]
[Round "4"]
[White "Whitehead, Mark A"]
[Black "Burgoyne, Peter A"]
[Result "0-1"]
[ECO "B26"]
[WhiteElo "1945"]
[BlackElo "1665"]
[Annotator "NA"]
[PlyCount "54"]
[EventDate "2018.10.31"]
[EventType "swiss"]
[EventCountry "GBR"]
[SourceTitle "playchess.com"]
[Source "ChessBase"]
[SourceQuality "1"]
[TimeControl "5400+30"]

1. e4 c5 2. Nc3 Nc6 3. g3 g6 4. Bg2 Bg7 5. d3 d6 6. Be3 Nf6 7. h3 Rb8 8. Nge2 O-O 9. O-O {[%emt 0:11:43] LiveBook: 65 Games} e5 {[%emt 0:10:02] B26: Closed Sicilian: 3 g3, lines with early Be3} (9... b5 10. Qd2 b4 11. Nd1 e5 12. a3 a5 13. axb4 axb4 14. Bh6 Bxh6 15. Qxh6 Nd4 16. Nxd4 cxd4 17. Qd2 Qb6 18. Kh2 Kg7 19. f4 {0-1 (83) Artemiev,V (2704)-Kovalev,V (2650) Poikovsky 2018}) 10. g4 $146 ({White should play} 10. a3 $11) ({Predecessor:} 10. f4 exf4 11. Nxf4 b5 12. Qd2 b4 13. Nce2 Nd7 14. Rab1 Nd4 15. Nxd4 cxd4 16. Bf2 Nc5 17. Ne2 {1-0 (27) Ghaem Maghami,E (2593)-Ibrahimov,R (2537) Dubai 2009}) 10... Nd4 11. Ng3 b5 12. Nd5 Ne6 13. Qd2 (13. Ne2 $15) 13... Nxd5 14. exd5 {[%emt 0:00:11] [#]} Nf4 $1 15. c4 (15. Bxf4 $17 {might work better.} exf4 16. Qxf4) 15... bxc4 16. dxc4 f5 17. gxf5 Bxf5 (17... Nxg2 $142 18. Kxg2 gxf5) 18. Nxf5 Rxf5 19. Rab1 Qg5 20. Bxf4 exf4 21. f3 (21. Kh2 $17 {was necessary.}) 21... Re5 22. Rfe1 Re3 23. Rxe3 fxe3 24. Qe2 Qf4 25. b3 Bd4 26. Rc1 a5 27. Rb1 {[%emt 0:08:03] [#]} a4 $19 0-1

[Event "1st 4NCL International U2050"]
[Site "Telford"]
[Date "2018.11.02"]
[Round "4"]
[White "Wynarczyk, Raymond"]
[Black "Gorgun, Aliriza Atif"]
[Result "0-1"]
[ECO "B51"]
[WhiteElo "1908"]
[BlackElo "1739"]
[Annotator "NA RC"]
[PlyCount "110"]
[EventDate "2018.10.31"]
[EventType "swiss"]
[EventCountry "GBR"]
[SourceTitle "playchess.com"]
[Source "ChessBase"]
[SourceQuality "1"]
[TimeControl "5400+30"]

1. e4 c5 2. Nf3 d6 3. Bb5+ Nd7 4. d4 cxd4 5. Qxd4 a6 6. Bc4 {[%emt 0:03:50] B51: Sicilian: Moscow Variation (3 Bb5+) without 3...Bd7} (6. Be2 Ngf6 7. c4 g6 8. Nc3 Bg7 9. O-O O-O 10. Qe3 b6 11. Rd1 Bb7 12. Ng5 Qc7 13. f3 Rac8 {1-0 (68) Nakamura,H (2777)-Vachier Lagrave,M (2779) Saint Louis 2018}) 6... Ngf6 7. Bg5 e6 8. Nc3 Be7 9. O-O O-O 10. Rad1 b5 $146 ({Predecessor:} 10... Qc7 11. a4 b6 12. Ba2 Bb7 13. Rd2 Rfd8 {1-0 (53) Zierk,S (2391)-Grandelius,N (2500) Porto Carras 2010}) 11. Bb3 Qc7 12. Rfe1 h6 13. Bh4 e5 14. Qd2 Bb7 15. Nd5 Bxd5 16. Bxf6 Nxf6 17. Bxd5 Nxd5 18. exd5 Rac8 19. c3 Rcd8 20. Qe3 Rd7 21. h3 f5 22. Qe2 Bd8 23. Nd2 Qc5 24. Nb3 Qc4 25. Qxc4 bxc4 26. Nd2 Rc7 27. Ra1 a5 28. g3 Bg5 29. Nf3 Be7 ({Black should play} 29... Rb8 $17 30. Nxg5 hxg5) 30. Kg2 Rb8 31. Re2 Rb5 32. Rd1 Rcc5 (32... Rcb7 $17 33. Rdd2 a4) 33. a4 Rxd5 (33... Rb7 $15) 34. axb5 Rxd1 35. Nd2 (35. Nd4 $5 exd4 36. b6 $16) 35... d5 36. Nf3 e4 37. Nd4 Bc5 38. Nxf5 Kf7 39. Nd4 Bxd4 40. cxd4 Rd3 41. Re3 Ke6 42. Kf1 Kd6 43. Ke2 Kc7 44. Rxd3 cxd3+ 45. Ke3 Kb6 46. f4 Kxb5 47. g4 Kc4 48. h4 d2 $19 (48... Kb3 $142 49. h5 Kc2 50. f5 d2 51. Kf4 d1=Q 52. g5 Qf3+ 53. Ke5 e3 54. Ke6 e2 55. Kf7 Qxf5+ 56. Kg8 e1=R 57. gxh6 gxh6 58. b4 Re7 59. bxa5 Qc8#) 49. Kxd2 Kxd4 50. h5 e3+ 51. Ke2 Ke4 52. f5 d4 53. b3 d3+ 54. Ke1 Kf4 (54... Kf3 ) 55. g5 Kf3 0-1

[Event "1st 4NCL International U2050"]
[Site "Telford"]
[Date "2018.11.02"]
[Round "4"]
[White "Gostelow, David W"]
[Black "Fallowfield, Nicholas"]
[Result "1/2-1/2"]
[ECO "D00"]
[WhiteElo "1892"]
[BlackElo "1883"]
[Annotator "NA RC"]
[PlyCount "38"]
[EventDate "2018.10.31"]
[EventType "swiss"]
[EventCountry "GBR"]
[SourceTitle "playchess.com"]
[Source "ChessBase"]
[SourceQuality "1"]
[TimeControl "5400+30"]

1. d4 d5 2. Bf4 Bg4 3. c4 Nc6 4. h3 Bh5 5. Qa4 e6 6. e3 Bb4+ 7. Nc3 Nge7 8. c5 (8. Nge2 $11) 8... O-O 9. Be2 Bxc3+ 10. bxc3 Bxe2 11. Nxe2 b6 12. cxb6 (12. Nc1 $11 {keeps the balance.}) 12... axb6 13. Qc2 Na5 14. O-O Nc4 15. Nc1 Ra3 16. Nb3 Nc6 17. e4 Qd7 18. Rfe1 Rfa8 19. exd5 exd5 $15 1/2-1/2

[Event "1st 4NCL International U2050"]
[Site "Telford"]
[Date "2018.11.02"]
[Round "4"]
[White "Ali, Golam S"]
[Black "Wiltshir, Rich"]
[Result "1/2-1/2"]
[ECO "D66"]
[WhiteElo "1859"]
[BlackElo "1673"]
[Annotator "NA RC"]
[PlyCount "86"]
[EventDate "2018.10.31"]
[EventType "swiss"]
[EventCountry "GBR"]
[SourceTitle "playchess.com"]
[Source "ChessBase"]
[SourceQuality "1"]
[TimeControl "5400+30"]

1. d4 d5 2. c4 Nf6 3. Nc3 e6 4. Bg5 Be7 5. e3 c6 6. Nf3 Nbd7 7. Rc1 O-O 8. Bd3 a5 {[%emt 0:05:10] D66: Queen's Gambit Declined: Classical: Main Line (7 Rc1 c6 8 Bd3)} (8... dxc4 9. Bxc4 Nd5 10. Bxe7 Qxe7 11. O-O Nxc3 12. Rxc3 e5 13. Bb3 e4 14. Nd2 Nf6 15. Qb1 Bf5 16. f4 g6 17. h3 h5 18. a3 Kg7 19. Qe1 Rfc8 20. Ba2 b6 21. Qe2 Rc7 22. Rfc1 {½-½ (61) Peralta,F (2569)-Salinas Herrera,P (2486) Batumi 2018}) 9. c5 $146 ({Predecessor:} 9. O-O h6 10. Bh4 Re8 11. Re1 Nf8 12. Qc2 dxc4 13. Bxc4 Ng6 14. Bg3 Nh5 15. a4 Nxg3 16. hxg3 {1-0 (43) Kroo,I (1866)-Raguz,I (2003) Djakovo 2006}) 9... b6 10. cxb6 c5 11. O-O cxd4 12. exd4 Qxb6 13. Qc2 ({White should try} 13. Ne5 $16) 13... h6 14. Na4 Qd6 15. Bxf6 Bxf6 16. Nc5 ({Better is} 16. Qc6 $11 Qxc6 17. Rxc6) 16... Qf4 17. Nxd7 Bxd7 18. Qc7 Qxc7 19. Rxc7 Rfd8 20. Ne5 {[%emt 0:03:16] [#]} Bxe5 (20... Be8 $1 $17 21. Rfc1 Rdb8) 21. dxe5 Kf8 22. f4 Ke8 23. f5 Rdc8 24. Rfc1 (24. Rxc8+ $11 {keeps the balance.} Rxc8 25. f6) 24... Kd8 ({Better is} 24... exf5 $17 25. Kf2 Rcb8) 25. Rxc8+ Rxc8 26. Rxc8+ Kxc8 27. g4 Kc7 28. Kf2 Kb6 29. Ke3 Kc5 30. h4 $1 Ba4 31. g5 exf5 32. Bxf5 hxg5 33. hxg5 d4+ 34. Kf4 Bb5 35. e6 $2 (35. g6 $11 {and White has nothing to worry.} fxg6 36. Bxg6) 35... fxe6 36. Bxe6 Bc4 37. Bxc4 (37. Bd7 $142 Bxa2 38. Ke4) 37... Kxc4 38. Ke4 g6 $2 (38... a4 {mates} 39. Kf4 {[#]} a3 $1 40. bxa3 d3 41. Kf5 d2 42. Kg6 d1=Q 43. Kxg7 Kd5 44. Kf7 Qf3+ 45. Ke7 Qf5 46. Ke8 Kd6 47. a4 Qg6+ 48. Kf8 Ke6 49. a5 Qf7#) 39. a4 $11 d3 40. Ke3 Kb3 41. Kxd3 Kxa4 42. Kc3 Kb5 43. Kb3 a4+ 1/2-1/2

[Event "1st 4NCL International U2050"]
[Site "Telford"]
[Date "2018.11.02"]
[Round "4"]
[White "Walley, A Clive"]
[Black "Benson, Paul J"]
[Result "1-0"]
[ECO "B38"]
[WhiteElo "1846"]
[BlackElo "1912"]
[Annotator "NA RC"]
[PlyCount "53"]
[EventDate "2018.10.31"]
[EventType "swiss"]
[EventCountry "GBR"]
[SourceTitle "playchess.com"]
[Source "ChessBase"]
[SourceQuality "1"]
[TimeControl "5400+30"]

1. e4 c5 2. Nf3 g6 3. d4 cxd4 4. Nxd4 Nc6 5. c4 Bg7 6. Be3 Nf6 7. Nc3 d6 8. Be2 O-O 9. f3 Bd7 10. Qd2 Qa5 {[%emt 0:03:31] B38: Sicilian: Maroczy Bind with 5...Bg7 and 7...0-0} (10... Nxd4 11. Bxd4 a5 12. b3 Bc6 13. O-O Nd7 14. Be3 Nc5 15. Rab1 e6 16. a3 Be5 17. b4 axb4 18. axb4 Ra3 19. bxc5 Rxc3 20. f4 Bg7 21. e5 dxe5 22. Qxc3 exf4 23. Qd2 Qg5 {0-1 (43) Bu,X (2730)-Savchenko,B (2566) Riadh 2017}) 11. Rc1 Rfc8 12. b3 a6 13. Na4 $2 $146 ({Predecessor:} 13. Nxc6 $14 {keeps the upper hand.} Bxc6 14. O-O (14. Nd5 Qxd2+ 15. Kxd2 Nxd5 16. cxd5 Bd7 17. g4 Bb2 18. Rc2 Ba3 19. h4 a5 20. Bd3 Bb4+ 21. Ke2 Rxc2+ 22. Bxc2 a4 23. Rb1 Bb5+ 24. Kd1 a3 {0-1 (43) Hassan,T (2231)-Ameir,M (2283) Cairo 2012})) 13... Qxd2+ 14. Kxd2 Nxe4+ $2 ({Black should play} 14... Nxd4 $17 15. Bxd4 Bxa4 16. bxa4 {[#]} Nxe4+ $1 17. fxe4 Bxd4) 15. fxe4 Nxd4 16. Nb6 Nxe2 17. Kxe2 Bc6 18. Nxa8 Rxa8 19. Kd3 f5 20. exf5 gxf5 21. Rhf1 Be4+ 22. Ke2 e5 23. g3 Kf7 24. g4 f4 $2 ({Black should play} 24... Ke6 $14) 25. Bxf4 Bg2 (25... Ke6 {was necessary.}) 26. Rf2 exf4 27. Rxg2 $18 1-0